 Dungeon Crawl Stone Soup version 0.29-a0-633-g6e2bebc (webtiles) character file.

Game seed: 13826869667179790146

115 Dawnplanks the Magician (level 5, -4/35 HPs)
             Began as a Djinni Ice Elementalist on June 19, 2022.
             Slain by an ice beast (12 damage)
             ... on level 4 of the Dungeon.
             The game lasted 00:06:24 (3079 turns).

Dawnplanks the Magician (Djinni Ice Elementalist)   Turns: 3079, Time: 00:06:25

Health: -4/35      AC:  3    Str:  7    XL:     5   Next: 20%
Gold:   155        EV: 12    Int: 19    God:
                   SH:  0    Dex: 13

rFire   + + .      SeeInvis .   d - +2 whip (freeze)
rCold   x . .      Faith    .   (no shield)
rNeg    . . .      Spirit   .   a - +0 robe
rPois   ∞          Reflect  .   (no helmet)
rElec   .          Harm     .   (no cloak)
rCorr   .          Rampage  .   k - +0 pair of gloves
Will    .....                   (boots unavailable)
Stlth   ++........              (no amulet)
HPRegen 0.11/turn               (no ring)
MPRegen 0.00/turn               (no ring)

@: flying
A: sickness immunity, fire resistance 2, cold vulnerability 1, float, innate
caster, HP casting, extra vitality 1
a: no special abilities


You were on level 4 of the Dungeon.
You visited 1 branch of the dungeon, and saw 4 of its levels.

You collected 155 gold pieces.

Inventory:

Hand Weapons
 d - a +2 whip of freezing (weapon)
Armour
 a - a +0 robe (worn)
 k - a +0 pair of gloves (worn)
Scrolls
 b - a scroll of magic mapping {unknown}
 c - 2 scrolls of teleportation {unknown}
 e - a scroll of silence {unknown}
 f - 2 scrolls of poison {unknown}
 g - a scroll of fog {unknown}
 h - a scroll of summoning {unknown}
 i - 3 scrolls of identify {unknown}
 l - a scroll of immolation {unknown}
 m - a scroll of blinking {unknown}
 o - 3 scrolls of torment {unknown}
 p - a scroll of enchant weapon {unknown}
Potions
 j - a potion of experience {unknown}
 n - a potion of brilliance {unknown}


   Skills:
 + Level 2.4 Dodging
 - Level 1.5 Stealth
 * Level 4.7 Spellcasting


You couldn't memorise any spells.
You knew the following spells:

 Your Spells              Type           Power      Damage    Failure   Level
a - Freeze                Ice            88%        1d10      1%          1
b - Frozen Ramparts       Ice            44%        1d6       5%          3
c - Ozocubu's Armour      Ice            22%        N/A       5%          3
d - Hailstorm             Conj/Ice       22%        3d7       19%         4
e - Magic Dart            Conj           88%        1d7       1%          1
f - Searing Ray           Conj           44%        2d6       2%          2
Your spell library was empty.

Dungeon Overview and Level Annotations

Branches:
Dungeon (4/15)
 Temple: D:4-7

Altars:


Innate Abilities, Weirdness & Mutations

You are immune to sickness and miasma.
You are immune to poison.
Your flesh is very heat resistant. (rF++)
You are vulnerable to cold. (rC-)
You float through the air rather than walking.
You learn spells naturally, not from books.
Your magical power is your life essence.
You have superior vitality. (+4 MHP)


Message History

Confirm with . or Enter, or press ? or * to list all spells.
You can't see any susceptible monsters within range! (Use Z to cast anyway.) Unknown command.
Casting: Magic Dart (safe; 1% risk of failure)
Confirm with . or Enter, or press ? or * to list all spells.
Aiming: Magic Dart (safe; 1% risk of failure)
Press: ? - help, Shift-Dir - straight line, f/p - ice beast
Aim: an ice beast (lightly wounded, 100% to hit)
The magic dart hits the ice beast.
The ice beast is moderately wounded.
Casting: Magic Dart (safe; 1% risk of failure)
Confirm with . or Enter, or press ? or * to list all spells.
Aiming: Searing Ray (safe; 2% risk of failure)
Press: ? - help, Shift-Dir - straight line, f/p - ice beast
Aim: an ice beast (moderately wounded, 78% to hit)
The searing ray hits the ice beast.
The ice beast is moderately wounded. (Press . to maintain the ray.)
The searing ray hits the ice beast.
The ice beast is heavily wounded.
The ice beast completely resists.
The wall freezes the ice beast but does no damage.
The searing ray hits the ice beast.
The ice beast is heavily wounded.
The ice beast completely resists.
The wall freezes the ice beast but does no damage.
Casting: Searing Ray (safe; 2% risk of failure)
Confirm with . or Enter, or press ? or * to list all spells.
Aiming: Magic Dart (safe; 1% risk of failure)
Press: ? - help, Shift-Dir - straight line, f/p - ice beast
Aim: an ice beast (heavily wounded, 100% to hit)
The magic dart hits the ice beast.
The ice beast is severely wounded.
The frozen ramparts melt away.
The ice beast hits you. The ice beast freezes you!
You feel a terrible chill!
* * * LOW HITPOINT WARNING * * *
The ice beast hits you.
* * * LOW HITPOINT WARNING * * *
The ice beast freezes you!
You feel a terrible chill!
You die...

#.#####...####### #..
#.#...#...# #.#
#.#.#)#...# #.#
#.#.#...#### #.#
#.#.###....# #.# #.#.#
#)...# #.# #<#.# #....#
#†#
####.###.###....####.#.#
......Y@...+†........#.#
.....###.###....######.#
... #.............. #.#
. #.#...........# #.#
#.#.........#...#.#
#.#.#######.#.#.#.#
#.#.# .# # #.# #.#.# .#
#.# #.#.# #.#


You could see an ice beast.

Vanquished Creatures
  Jessica (D:3)
  3 adders
  A worm (D:3)
  2 dart slugs
  3 orcs
  8 bats
  5 endoplasms
  2 giant cockroaches (D:4)
  2 goblins (D:1)
  4 hobgoblins (D:1)
  5 jackals
  A quokka (D:2)
  3 ball pythons
  3 frilled lizards
  2 kobolds
  4 rats
49 creatures vanquished.

Notes
Turn   | Place    | Note
-------+----------+-------------------------------------------
     0 | D:1      | Dawnplanks the Djinni Ice Elementalist began the quest for
                  | the Orb.
     0 | D:1      | Dawnplanks set off with the following spells memorised:
                  | Freeze, Frozen Ramparts, Ozocubu's Armour, Hailstorm.
     0 | D:1      | Reached XP level 1. HP: 15/15 MP: 0/0
   194 | D:1      | Reached XP level 2. HP: 20/21 MP: 0/0
   592 | D:1      | Found a faded altar of an unknown god.
   749 | D:1      | Reached XP level 3. HP: 23/25 MP: 0/0
   749 | D:1      | Learned a level 1 spell: Magic Dart
  1457 | D:2      | Reached skill level 4 in Spellcasting
  2255 | D:3      | Noticed Jessica
  2258 | D:3      | Killed Jessica
  2259 | D:3      | Reached XP level 4. HP: 25/31 MP: 0/0
  2691 | D:4      | Reached XP level 5. HP: 32/35 MP: 0/0
  2691 | D:4      | Learned a level 2 spell: Searing Ray
  3071 | D:4      | Noticed an ice beast
  3079 | D:4      | Slain by an ice beast

Illustrated notes

Levels and vault maps discovered:
D:1:      dpeg_arrival_more_subterranean_lakeside_camping, layout_rooms,
          nicolae_ecumenical_lake_church
D:2:      layout_basic
D:3:      layout_basic, uniq_jessica
D:4:      layout_basic, minmay_temple_entry_offerings, uniq_ijyb

Skill      XL: |  1  2  3 |
---------------+----------+-----
Spellcasting   | 4 |  4.7
Dodging        | |  2.4
Stealth        | |  1.5

Action                   |  1- 3 |  4- 6 || total
-------------------------+-------+-------++-------
Melee: Unarmed           |     2 |       ||     2
 Cast: Freeze            |    28 |     5 ||    33
       Magic Dart        |    38 |    31 ||    69
       Frozen Ramparts   |     4 |     1 ||     5
       Searing Ray       |       |     1 ||     1
Armor: Robe              |     4 |     1 ||     5
Dodge: Dodged            |    23 |     1 ||    24

Table legend: (Time is in decaauts)
 A = Elapsed time spent in this place.
 B = Non-inter-level travel time spent in this place.
 C = Inter-level travel time spent in this place.
 D = Time resting spent in this place.
 E = Time spent auto-exploring this place.
 F = Levels seen in this place.
 G = Mean time per level.
                   A        B        C        D        E       F      G
               +--------+--------+--------+--------+--------+-----+--------+
         Total |   3077 |   3021 |     56 |    237 |   2532 |   4 |  769.2 |
       Dungeon |   3077 |   3021 |     56 |    237 |   2532 |   4 |  769.2 |
               +--------+--------+--------+--------+--------+-----+--------+

Top non-repeatable levels by time:
     D:1: 1040 daAuts
     D:3: 888 daAuts
     D:2: 753 daAuts
     D:4: 395 daAuts
